 Dungeon Crawl Stone Soup version 0.27-a0-1206-g6342a01c75 (webtiles) character file.

Game seed: 17538318773016219727

115 Glokmah the Sneak (level 4, -7/23 HPs)
             Began as a Spriggan Abyssal Knight on June 5, 2021.
             Was a Believer of Lugonu.
             Mangled by a phantom (9 damage)
             ... on level 4 of the Dungeon.
             The game lasted 00:09:39 (5078 turns).

Glokmah the Sneak (Spriggan Abyssal Knight)         Turns: 5078, Time: 00:09:40

Health: -7/23      AC:  2    Str:  8    XL:     4   Next: 68%
Magic:  5/6        EV: 17    Int: 13    God:    Lugonu [**....]
Gold:   93         SH:  0    Dex: 15    Spells: 3/3 levels left

rFire    . . .     SeeInvis +   b - +1 hunting sling (flame)
rCold    . . .     Faith    .   (shield restricted)
rNeg     . . .     Spirit   .   e - +0 robe
rPois    .         Reflect  .   (helmet restricted)
rElec    .         Harm     .   (no cloak)
rCorr    .         Rampage  .   (gloves unavailable)
Will     .....                  (boots unavailable)
Stlth    +++.......             (no amulet)
HPRegen  0.07/turn              (no ring)
MPRegen  0.10/turn              (no ring)

@: very quick
A: very small, no large weapons, unfitting armour, see invisible, speed 3
a: Renounce Religion, Depart the Abyss, Bend Space


You were on level 4 of the Dungeon.
You worshipped Lugonu.
Lugonu was pleased with you.
You visited 1 branch of the dungeon, and saw 4 of its levels.
You visited the Abyss 1 time.

You collected 93 gold pieces.

Inventory:

Hand Weapons
 a - a +1 short sword of venom
 b - a +1 hunting sling of flaming (weapon)
 c - a +0 dagger
Missiles
 k - 80 stones (quivered ammo)
Armour
 e - a +0 robe (worn)
Wands
 d - a wand of paralysis (6)
Scrolls
 j - a scroll of vulnerability {unknown}
Potions
 f - a potion of brilliance {unknown}
 g - a potion of magic {unknown}
 h - 2 potions of curing {unknown}
 i - 3 potions of cancellation {unknown}


   Skills:
 + Level 2.8 Fighting
 * Level 3.6 Short Blades
 * Level 0.1 Slings
 - Level 3.2 Dodging
 * Level 3.9 Stealth
 + Level 2.4 Invocations


You had 3 spell levels left.
You didn't know any spells.
Your spell library was empty.

Dungeon Overview and Level Annotations

Branches:
Dungeon (4/15)
 Temple: D:4-7

Altars:


Innate Abilities, Weirdness & Mutations

You are very small and have problems with some larger weapons.
You are too small for most types of armour.
You have supernaturally acute eyesight. (SInv)
You cover ground extremely quickly. (Speed+++)


Message History

You are frozen.
The phantom barely misses you.
You hit the phantom.
The phantom is severely damaged.
The endoplasm freezes you.
You are frozen.
The endoplasm freezes you.
You are frozen.
* * * LOW HITPOINT WARNING * * *
The phantom hits you.
* * * LOW HITPOINT WARNING * * *
The phantom blinks!
You blink.
Space bends around you!
You blink.
Your +1 short sword of venom stops dripping with poison.
Your +1 hunting sling of flaming bursts into flame!
b - a +1 hunting sling of flaming (weapon)
Fire: 84 stones
Press: ? - help, Q - select action, (/) - cycle Shift-Dir - straight line, f/p - phantom
Aim: a phantom (translocational energy, severely damaged, 50% to hit)
You shoot a stone. The stone closely misses the phantom.
Fire: 83 stones
Press: ? - help, Q - select action, (/) - cycle Shift-Dir - straight line, f/p - phantom
Aim: a phantom (severely damaged, 50% to hit)
You shoot a stone. The stone hits the phantom.
The stone burns the phantom.
The phantom is almost destroyed.
Fire: 82 stones
Press: ? - help, Q - select action, (/) - cycle Shift-Dir - straight line, f/p - phantom
Aim: a phantom (almost destroyed, 50% to hit)
You shoot a stone. The stone misses the phantom.
The stone barely misses the endoplasm.
The stone completely misses the endoplasm.
Fire: 81 stones
Press: ? - help, Q - select action, (/) - cycle Shift-Dir - straight line, f/p - phantom
Aim: a phantom (almost destroyed, 50% to hit)
You shoot a stone. The stone barely misses the phantom.
The stone hits the endoplasm.
The stone burns the endoplasm.
You kill the endoplasm!
Lugonu accepts your kill. The phantom closely misses you. The phantom hits you!
You die...

.........#.####......(..# .
..S......(......(...J...##...
..............((((..§§......#
.....g..(...(.(.(...J.....#.#
.......W.<..(##....#####.##
.......#.....###(### #
#.....###....###J###
................W..#
..###...##....##@..# #
###.......##...#
##.###.##...... .#
......####⌠ # #...# #...#
#...# #####


You could see a phantom and an endoplasm.

Vanquished Creatures
  4 adders
  A worm (D:2)
  2 dart slugs (D:1)
  An orc (D:3)
  5 ball pythons
  12 bats
  4 endoplasms
  A giant cockroach (D:3)
  8 goblins
  7 hobgoblins
  2 jackals (D:1)
  2 quokkas
  4 frilled lizards
  9 kobolds
  9 rats
71 creatures vanquished.

Vanquished Creatures (others)
  2 starspawn tentacles (Abyss:1)
2 creatures vanquished.

Grand Total: 73 creatures vanquished

Notes
Turn   | Place    | Note
-------+----------+-------------------------------------------
     0 | Abyss:1  | Glokmah the Spriggan Abyssal Knight began the quest for the
                  | Orb.
     0 | Abyss:1  | Reached XP level 1. HP: 11/11 MP: 3/3
    42 | Abyss:1  | Noticed a kobold demonologist
    89 | Abyss:1  | Noticed a small abomination
   112 | Abyss:1  | Noticed a large abomination
   128 | Abyss:1  | Noticed a large abomination
   146 | Abyss:1  | Noticed a raiju
   158 | Abyss:1  | Noticed a small abomination
   169 | Abyss:1  | Noticed a tentacled starspawn
   240 | Abyss:1  | Noticed a large abomination
   259 | Abyss:1  | Noticed a vampire
   286 | Abyss:1  | Noticed a thrashing horror
   290 | D:1      | Escaped the Abyss
   529 | D:1      | Reached skill level 1 in Stealth
   944 | D:1      | Reached * piety under Lugonu
   945 | D:1      | Reached XP level 2. HP: 13/16 MP: 4/4
  1869 | D:1      | Reached XP level 3. HP: 19/19 MP: 5/5
  2476 | D:2      | Reached ** piety under Lugonu
  3203 | D:2      | Reached XP level 4. HP: 15/23 MP: 6/6
  4050 | D:3      | Found a faded altar of an unknown god.
  4651 | D:4      | Noticed a phantom
  4922 | D:4      | Noticed a phantom
  5078 | D:4      | Mangled by a phantom

Illustrated notes

Levels and vault maps discovered:
D:1:      heliophobic_arrival_henge, layout_basic
D:2:      cheibrodos_helix_gallery, layout_rooms
D:3:      minmay_skewed_foursquare, layout_basic, basic_ecumenical_altar,
          minmay_misc_feat_pillars, grunt_decor_fettered
D:4:      minmay_wonky_spiral, layout_rooms, temple_doors_e, serial_shops,
          shop_fountains, nicolae_zen_rock_garden, abandoned_shop,
          chequers_arboretum

Skill      XL: |  1  2  3 |
---------------+----------+-----
Stealth        | 1 2 3 |  3.9
Invocations    | 2 |  2.4
Short Blades   | 3 |  3.6
Fighting       | |  2.8
Slings         | |  0.1
Dodging        | |  3.2

Action                   |  1- 3 |  4- 6 || total
-------------------------+-------+-------++-------
Melee: Short sword       |   135 |    69 ||   204
       Dagger            |    23 |     1 ||    24
 Fire: Hunting sling     |       |    34 ||    34
Throw: Stone             |    11 |       ||    11
Invok: Depart the Abyss  |     1 |       ||     1
       Bend Space        |       |     1 ||     1
Evoke: Wand              |       |     1 ||     1
  Use: Scroll            |     3 |     1 ||     4
 Stab: Sleeping          |     6 |     9 ||    15
       Distracted        |     1 |       ||     1
       Paralysed         |       |     1 ||     1
Armor: Robe              |    14 |     4 ||    18
Dodge: Dodged            |   128 |    60 ||   188

Table legend: (Time is in decaauts)
 A = Elapsed time spent in this place.
 B = Non-inter-level travel time spent in this place.
 C = Inter-level travel time spent in this place.
 D = Time resting spent in this place.
 E = Time spent auto-exploring this place.
 F = Levels seen in this place.
 G = Mean time per level.
                   A        B        C        D        E       F      G
               +--------+--------+--------+--------+--------+-----+--------+
         Total |   4044 |   3863 |    181 |    907 |   2049 |   5 |  808.8 |
       Dungeon |   3867 |   3686 |    181 |    907 |   2049 |   4 |  966.8 |
         Abyss |    177 |    177 |      0 |      0 |      0 |   1 |  177.0 |
               +--------+--------+--------+--------+--------+-----+--------+

Top non-repeatable levels by time:
     D:1: 1528 daAuts
     D:3: 1239 daAuts
     D:2: 1019 daAuts
 Abyss:1: 177 daAuts
     D:4: 80 daAuts
